AoeStats
← tuscani11b

Arena

510434075Analyzed
1v1 RM · 2d ago on Oct 1, 2026· 44m 12s· 2 players
Game mode
Random Map
Map size
Tiny (2 player)
Population
200
Speed
Normal
Resources
Standard
Victory
Conquest
Starting age
Dark Age
Ending age
Imperial Age
RankedLock teamsTeams togetherTeam positionsShared explorationLock speedFull tech treeHidden civsTurbo modeCheats
Victory
Defeat
🇺🇸 Franks · United States
379
+15
🇺🇸 Vietnamese · United States
354
-15
tuscani11b
1:00 Loom
21:35 Feudal Age
22:05 Double-Bit Axe
22:02 Horse Collar
22:17 Town Watch
23:08 Wheelbarrow
23:16 Wheelbarrow
39:02 Castle Age
38:03 Forging
37:54 Scale Mail Armor
37:59 Scale Barding Armor
37:55 Padded Archer Armor
37:46 Fletching
38:49 Man-at-Arms
39:15 Arson
Northstar2
5:20 Loom
11:26 Feudal Age
14:03 Wheelbarrow
13:30 Double-Bit Axe
19:11 Castle Age
18:17 Gold Mining
18:21 Stone Mining
20:37 Bow Saw
22:52 Scale Mail Armor
24:26 Scale Barding Armor
26:08 Forging
26:13 Chain Mail Armor
29:12 Pikeman
29:52 Squires
29:38 Arson
29:15 Light Cavalry
29:56 Husbandry
31:07 Chain Barding Armor
31:28 Iron Casting
33:56 Hand Cart
39:03 Imperial Age
37:20 Murder Holes
37:37 Fortified Wall
37:40 Masonry
37:54 Ballistics
40:29 Architecture
40:05 Chivalry
40:26 Conscription
40:42 Hoardings
39:43 Halberdier
39:50 Cavalier
43:15 Spies/Treason
Connection lost

Rejoining the realm…

Still unreachable

The connection could not be restored.

Session expired

The server has moved on; the page needs a fresh start.